 Dungeon Crawl Stone Soup version 0.25.1-2-g60ff931df9 (webtiles) character file.

Game seed: 18139876085718693093

14 hawla the Skirmisher (level 2, -1/27 HPs)
             Began as a Minotaur Fighter on Oct 25, 2020.
             Slain by a gnoll
             ... wielding a +0 spear
              (10 damage)
             ... on level 1 of the Dungeon.
             The game lasted 00:02:02 (307 turns).

hawla the Skirmisher (Minotaur Fighter)              Turns: 307, Time: 00:02:03

Health: -1/27      AC:  0    Str: 20    XL:     2   Next: 31%
Magic:  1/1        EV: 11    Int:  5    God:
Gold:   11         SH:  0    Dex:  9    Spells: 1/1 levels left

rFire    . . .     SeeInvis +   a - +0 long sword
rCold    . . .     Gourm    .   (no shield)
rNeg     . . .     Faith    .   (no armour)
rPois    .         Spirit   .   (helmet restricted)
rElec    .         Reflect  .   (no cloak)
rCorr    .         Harm     .   (no gloves)
MR       .....     Clarity  +   (no boots)
Stlth    +.........             (no amulet)
HPRegen  0.09/turn              (no ring)
MPRegen  0.07/turn              (no ring)

@: no status effects
A: retaliatory headbutt, horns 2, see invisible, clarity
a: no special abilities


You were on level 1 of the Dungeon.
You were not hungry.

You visited 1 branch of the dungeon, and saw 1 of its levels.

You collected 11 gold pieces.

Inventory:

Hand Weapons
 a - a +0 long sword (weapon)
Armour
 b - a +1 scale mail
Jewellery
 c - an uncursed ring of protection from magic {unknown}
Scrolls
 d - a scroll of identify {unknown}
Comestibles
 f - 2 rations
 g - a chunk of flesh


   Skills:
 + Level 4.1 Fighting
 + Level 2.7 Long Blades
 - Level 3.6 Armour
 * Level 1.1 Dodging
   Level 3.6 Shields


You had one spell level left.
You didn't know any spells.
Your spell library was empty.

Dungeon Overview and Level Annotations

Branches:
Dungeon (1/15)

Altars:


Innate Abilities, Weirdness & Mutations

You reflexively headbutt those who attack you in melee.
You have a pair of horns on your head.
You have supernaturally acute eyesight. (SInv)
You possess an exceptional clarity of mind.


Message History

A giant cockroach comes into view.
Found a scroll labeled SUIK QIRROELA.
The giant cockroach bites you.
* * * LOW HITPOINT WARNING * * *
Found a mace.
You barely miss the giant cockroach. The giant cockroach closely misses you.
You slash the giant cockroach!
You kill the giant cockroach!
A gnoll comes into view. It is wielding a +0 spear.
Found a scroll labeled SUIK QIRROELA.
The gnoll shouts!
You feel a little less mighty now.
As you read the scroll labeled XAOKHL YNEPOH, it crumbles to dust.
It is a scroll of enchant armour.
Your +0 scale mail glows green for a moment.
The gnoll is too close now for your liking.
You see here a scroll labeled SUIK QIRROELA.
d - a scroll labeled SUIK QIRROELA The gnoll hits you from afar with a +0 spear!
You die...

#........#
##....#..# #)##.#..#
#(##.#..#####.
#.........)...
#.##.......#.#
#.##.g#.##.#
########.##.....#.#
.........###@#......
#
#..#####(###.#.#....
.. #####...........#
.. ..##.#######..?#
#. #.##.# ...#
###..##.##.# #...#
...........# #...#
######.#### #...#
#.......# #...#


You could see a gnoll.

Vanquished Creatures
  2 giant cockroaches (D:1)
  4 goblins (D:1)
  2 hobgoblins (D:1)
  2 bats (D:1)
  A frilled lizard (D:1)
  2 kobolds (D:1)
13 creatures vanquished.

Notes
Turn   | Place    | Note
-------+----------+-------------------------------------------
     0 | D:1      | hawla the Minotaur Fighter began the quest for the Orb.
     0 | D:1      | Reached XP level 1. HP: 19/19 MP: 0/0
    17 | D:1      | Noticed a hound
    17 | D:1      | Noticed a six-headed hydra
    17 | D:1      | Noticed a polar bear
    18 | D:1      | Noticed a swamp worm
   214 | D:1      | Reached skill level 4 in Fighting
   214 | D:1      | Reached skill level 1 in Dodging
   222 | D:1      | Gained mutation: You possess an exceptional clarity of
                  | mind. [potion of mutation]
   222 | D:1      | Gained mutation: You have supernaturally acute eyesight.
                  | (SInv) [potion of mutation]
   225 | D:1      | Reached XP level 2. HP: 3/27 MP: 1/1
   307 | D:1      | Slain by a gnoll

Illustrated notes

Levels and vault maps discovered:
D:1:      onia_arrival_zoo_common, layout_loops_cross

Skill      XL: |  1 |
---------------+----+-----
Fighting       | 4 |  4.1
Dodging        | 1 |  1.1
Long Blades    | |  2.7
Armour         | |  3.6
Shields        | |  3.6

Action                   || total
-------------------------++-------
Melee: Long sword        ||    18
       Headbutt          ||     2
  Use: Potion            ||     2
       Scroll            ||     1
Dodge: Dodged            ||    14
       Rpst.: Long sword ||     4
